 Dungeon Crawl Stone Soup version 0.23.2-1-ga50397a6bc (webtiles) character file.

Game seed: 4214279739403374724

11482 Norn the Fighter (level 11, -1/126 HPs)
             Began as an Ogre Assassin on Apr 17, 2019.
             Was an Elder of Makhleb.
             Killed from afar by an oklob plant (13 damage)
             ... with a splash of acid
             ... on level 1 of the Lair of Beasts on Apr 18, 2019.
             The game lasted 00:57:24 (15995 turns).

Norn the Fighter (Ogre Assassin)                   Turns: 15995, Time: 00:57:25

Health: -1/126     AC: 10    Str: 17    XL:     11   Next: 78%
Magic:  16/16      EV: 30    Int: 15    God:    Makhleb [****..]
Gold:   649        SH:  0    Dex: 10    Spells: 10/10 levels left

rFire    . . .     SeeInvis +   K - +0 giant club
rCold    + + +     Gourm    .   (shield currently unavailable)
rNeg     . . .     Faith    .   E - +4 skin of Zhor {Hibernate rC+++ SInv}
rPois    .         Spirit   .   W - +1 hat
rElec    .         Reflect  .   G - +1 cloak
rCorr    .         Harm     .   (gloves unavailable)
MR       +....                  (boots unavailable)
Stlth    ++........             Y - amulet of the acrobat
HPRegen  0.31/turn              o - ring of protection from cold
MPRegen  0.15/turn              N - +6 ring of evasion

@: acrobat
A: large, unfitting armour, tough skin 1
a: Minor Destruction, Lesser Servant of Makhleb, Major Destruction, Renounce
Religion


You were on level 1 of the Lair of Beasts.
You worshipped Makhleb.
Makhleb was greatly pleased with you.
You were not hungry.

You visited 3 branches of the dungeon, and saw 13 of its levels.

You collected 649 gold pieces.

Inventory:

Hand Weapons
 b - a +0 blowgun
 I - a +0 flail of protection
   (You took it off an orc on level 7 of the Dungeon)
 K - a +0 giant club (weapon)
   (You took it off an ogre on level 6 of the Dungeon)
Missiles
 f - 2 curare-tipped needles {!f}
 g - 46 poisoned needles
 i - 2 needles of frenzy
 q - 9 needles of sleeping {!f}
 s - 312 stones
 H - 11 tomahawks
 M - 13 javelins (quivered)
 R - 3 needles of confusion
 V - 3 large rocks
Armour
 c - a +2 shield
   (You found it on level 7 of the Dungeon)
 r - the +1 robe of Darkness {Int+3, unknown}
   (You found it on level 10 of the Dungeon)

   It affects your intelligence (+3).
 E - the +4 skin of Zhor (worn) {Hibernate rC+++ SInv}
   (You found it on level 4 of the Dungeon)

   It renders you almost immune to cold.
   It lets you see invisible.
 G - a +1 cloak (worn)
 Q - a +0 robe of magic resistance
   (You took it off Dowan on level 7 of the Dungeon)
 W - a +1 hat (worn)
   (You found it on level 8 of the Dungeon)
Jewellery
 o - a ring of protection from cold (left hand)
   (You found it on level 1 of the Dungeon)
 z - an uncursed ring of see invisible
   (You found it on level 1 of the Dungeon)
 N - a +6 ring of evasion (right hand)
   (You took it off Duvessa on level 7 of the Dungeon)
 T - an uncursed ring of see invisible
   (You found it on level 7 of the Dungeon)
 Y - an amulet of the acrobat (around neck)
   (You took it off an orc priest on level 8 of the Dungeon)
Wands
 d - a wand of iceblast (25)
   (You took it off a wight on level 5 of the Dungeon)
 u - a wand of paralysis (18)
   (You found it on level 9 of the Dungeon)
 x - a wand of acid (3)
   (You took it off Ijyb on level 4 of the Dungeon)
 O - a wand of polymorph (2)
   (You took it off Pikel on level 7 of the Dungeon)
Scrolls
 h - 3 scrolls of amnesia
 l - 6 scrolls of enchant armour
 n - a scroll of fog {unknown}
 p - 3 scrolls of remove curse {@r2}
 t - 5 scrolls of enchant weapon
 y - 2 scrolls of teleportation {@r4}
 A - a scroll of noise {unknown}
 B - a scroll of fear {unknown}
 F - a scroll of immolation {!r}
 L - 2 scrolls of summoning {unknown}
Potions
 a - a potion of agility
 j - a potion of brilliance {unknown}
 k - a potion of haste {@q3}
 m - 2 potions of magic
 v - a potion of cancellation
 w - 2 potions of heal wounds {@q2}
 C - a potion of ambrosia
 J - 3 potions of might
 P - a potion of lignification {!q}
 U - 2 potions of mutation {!q}
 X - 2 potions of berserk rage
Miscellaneous
 S - a lamp of fire
   (You found it on level 8 of the Dungeon)
Comestibles
 e - 20 rations {!d}


   Skills:
 + Level 12.9 Fighting
   Level 1.7 Short Blades
 * Level 10.6 Maces & Flails
 - Level 8.2 Throwing
 - Level 0.8 Dodging
 - Level 2.9 Stealth
 + Level 6.7 Invocations


You had 10 spell levels left.
You didn't know any spells.
Your spell library contained the following spells:

 Spells                   Type           Power        Failure   Level  Hunger
 Beastly Appendage        Tmut           #.....       26%         1    ##.....
 Sticks to Snakes         Tmut           #.......     38%         2    ###....
 Spider Form              Tmut/Pois      #.........   63%         3    ####...
 Ice Form                 Ice/Tmut       #.......     95%         4    #####..
 Blade Hands              Tmut           #.........   100%        5    ######.


Dungeon Overview and Level Annotations

Branches:
Dungeon (11/15)            Temple (1/1) D:4            Lair (1/6) D:8
    Orc (0/2) D:11

Altars:
Ashenzari
Cheibriados
Dithmenos
Elyvilon
Fedhas
Gozag
Hepliaklqana
Kikubaaqudgha
Makhleb
Nemelex Xobeh
Okawaru
Qazlal
Ru
Sif Muna
Trog
Uskayaw
Vehumet
Wu Jian
Xom
Yredelemnul
Zin
The Shining One

Shops:
D:4 (   D:9 (

Annotations:
Lair:1 exclusion: 3 oklob plants


Innate Abilities, Weirdness & Mutations

You are too large for most types of armour.
You have tough skin. (AC +1)


Message History

The komodo dragon hisses angrily.
You hit the wolf but do no damage.
The wolf is no longer moving slowly.
The wolf misses you. The wolf bites you. The wolf closely misses you.
The wolf bites you! The hippogriff bites you.
The hippogriff completely misses you. The hippogriff claws you.
The wolf misses you. x2
You barely miss the wolf. The wolf bites you!
* * * LOW HITPOINT WARNING * * *
The wolf bites you!
* * * LOW HITPOINT WARNING * * *
The wolf misses you. The wolf bites you but does no damage.
The wolf barely misses you.
As you read the scroll of teleportation {@r4}, it crumbles to dust.
You feel strangely unstable.
You radiate an aura of cold.
The wolf seems to slow down. x3; The hippogriff seems to slow down.
The bullfrog seems to slow down.
The komodo dragon seems to slow down.
The wolf bites you but does no damage. The wolf misses you.
The hippogriff closely misses you. The hippogriff misses you.
The hippogriff claws you.
* * * LOW HITPOINT WARNING * * *
The wolf completely misses you.
The wolf completely misses you. x2; The wolf bites you.
* * * LOW HITPOINT WARNING * * *
You radiate an aura of cold.
The wolf seems to slow down. x3
The spiny frog seems to slow down.
The bullfrog seems to slow down.
The hippogriff resists.
The komodo dragon resists.
The wolf completely misses you. x2
You closely miss the bullfrog.
Your surroundings suddenly seem different.
An oklob plant comes into view.
The oklob plant spits acid at you. The splash of acid hits you!
* * * LOW HITPOINT WARNING * * *
You are splashed with acid!
* * * LOW HITPOINT WARNING * * *
Found 46 gold pieces, a scale mail and a hand axe. 2 oklob plants come into view.
The oklob plant spits acid at you. The splash of acid hits you!
* * * LOW HITPOINT WARNING * * *
You are splashed with acid!
* * * LOW HITPOINT WARNING * * *
You radiate an aura of cold.
The oklob plant is unaffected.
The oklob plant is unaffected.
The oklob plant is unaffected.
All of the chunks of flesh in your inventory have rotted away.
The oklob plant spits acid at you. The splash of acid hits you!
You die...

###.## ######.##... #...÷#
##....P......
##...<########.........†..
##.....÷............#......
#....###P..#........#......
#.....##
#P.##...#....#..#... #....#
##......######...... #...#
##.......# #...... #...
#P@...##.# ......# #P#
##....## ..#.......# ##
#......# .. ##PP.P## #..P.#
#P$..# #$P..# #[).$# ######


You could see 3 oklob plants.

Vanquished Creatures
  2 hydras (Lair:1)
  Pikel (D:7)
  2 spiny frogs (Lair:1)
  A polar bear (D:10)
  A blink frog (Lair:1)
  Prince Ribbit (D:7)
  Grinder (D:6)
  A hippogriff (D:7)
  Sigmund (D:4)
  9 yaks
  A hungry ghost (D:9)
  3 wargs
  Menkaure (D:4)
  2 porcupines (Lair:1)
  Duvessa (D:7)
  2 water moccasins
  A black bear (D:8)
  5 orc warriors
  2 sky beasts
  2 slaves (D:7)
  3 ogres
  2 ice beasts
  An eye of draining (D:8)
  4 phantoms
  5 wolves
  7 centaurs
  2 crocodiles
  6 bullfrogs
  Dowan (D:7)
  A water moccasin zombie (D:6)
  A wyvern skeleton (D:10)
  4 killer bees (D:9)
  3 scorpions
  3 wights
  An electric eel (D:10)
  4 howler monkeys
  A crimson imp (D:8)
  A bullfrog zombie (D:9)
  A quasit (D:9)
  5 jellies
  5 hounds
  6 orc wizards
  8 orc priests
  2 centaur skeletons (D:9)
  3 bullfrog skeletons
  6 iguanas
  Ijyb (D:4)
  6 worker ants
  2 killer bee zombies (D:6)
  2 bullfrog simulacra (D:10)
  2 hound zombies
  A worker ant zombie (D:8)
  Robin (D:2)
  9 adders
  4 shadow imps
  2 white imps (D:10)
  An adder zombie (D:8)
  2 adder skeletons
  2 worms
  4 dart slugs
  3 leopard geckos
  36 orcs
  7 giant cockroaches
  20 goblins
  14 hobgoblins
  2 jackals (D:10)
  7 kobolds
  4 quokkas
  2 ball pythons (D:2)
  9 bats
  8 frilled lizards
  A leopard gecko skeleton (D:8)
  A quokka skeleton (D:6)
  9 rats
288 creatures vanquished.

Vanquished Creatures (collateral kills)
  A yak (D:10)
1 creature vanquished.

Vanquished Creatures (others)
  An orc warrior (D:11)
  A slave (D:7)
  An orc (D:11)
  A plant (Lair:1)
4 creatures vanquished.

Grand Total: 293 creatures vanquished

Notes
Turn   | Place    | Note
-------+----------+-------------------------------------------
     0 | D:1      | Norn the Ogre Assassin began the quest for the Orb.
     0 | D:1      | Reached XP level 1. HP: 22/22 MP: 1/1
    20 | D:1      | Reached skill level 3 in Fighting
    32 | D:1      | Reached XP level 2. HP: 29/31 MP: 2/2
   441 | D:1      | Reached XP level 3. HP: 39/39 MP: 3/3
  1014 | D:2      | Reached skill level 4 in Fighting
  1026 | D:2      | Noticed Robin
  1091 | D:2      | Found a snail-covered altar of Cheibriados.
  1257 | D:2      | Found an ornate altar of the Wu Jian Council.
  1289 | D:2      | Reached XP level 4. HP: 48/48 MP: 4/4
  1290 | D:2      | Found a burning altar of Makhleb.
  1334 | D:2      | Reached skill level 1 in Maces & Flails
  1881 | D:2      | Killed Robin
  2156 | D:2      | Found a glowing silver altar of Zin.
  2309 | D:3      | Found an ancient bone altar of Kikubaaqudgha.
  2785 | D:3      | Reached XP level 5. HP: 55/55 MP: 5/5
  2850 | D:3      | Found a deep blue altar of Sif Muna.
  2850 | D:3      | Found a sparkling altar of Nemelex Xobeh.
  3430 | D:4      | Noticed Sigmund
  3473 | D:4      | Noticed Ijyb
  3511 | D:4      | Found Fariklal's Antique Weapon Shoppe.
  3531 | D:4      | Killed Ijyb
  3596 | D:4      | Reached skill level 5 in Fighting
  3635 | D:4      | Reached XP level 6. HP: 55/66 MP: 6/6
  3806 | D:4      | Found a hide-covered altar of Uskayaw.
  3819 | D:4      | Found the +4 skin of Zhor {Hibernate rC+++ SInv}
  3834 | D:4      | Killed Sigmund
  3876 | D:4      | Reached skill level 6 in Fighting
  4004 | D:4      | Found a staircase to the Ecumenical Temple.
  4012 | Temple   | Entered the Ecumenical Temple
  4119 | D:2      | Became a worshipper of Makhleb the Destroyer
  4189 | D:4      | Reached XP level 7. HP: 50/75 MP: 7/7
  4683 | D:4      | Noticed Menkaure
  4700 | D:4      | Killed Menkaure
  5081 | D:5      | Entered Level 5 of the Dungeon
  5124 | D:5      | Reached skill level 5 in Throwing
  5699 | D:5      | Found a snail-covered altar of Cheibriados.
  5764 | D:5      | Reached skill level 7 in Fighting
  5947 | D:5      | Found a stormy altar of Qazlal.
  6065 | D:5      | Found a bloodstained altar of Trog.
  6340 | D:6      | Reached * piety under Makhleb
  6400 | D:6      | Reached XP level 8. HP: 87/87 MP: 8/8
  6684 | D:6      | Noticed Grinder
  6927 | D:6      | Killed Grinder
  6927 | D:6      | Reached skill level 8 in Fighting
  7177 | D:6      | Reached skill level 5 in Maces & Flails
  8272 | D:6      | Reached XP level 9. HP: 97/97 MP: 9/9
  8422 | D:6      | Reached skill level 9 in Fighting
  9678 | D:7      | Reached ** piety under Makhleb
  9784 | D:7      | Noticed Duvessa
  9816 | D:7      | Killed Duvessa
  9852 | D:7      | Noticed Dowan
  9883 | D:7      | Killed Dowan
  9883 | D:7      | Reached skill level 10 in Fighting
 10495 | D:7      | Noticed Pikel
 10748 | D:7      | Killed Pikel
 10787 | D:7      | Noticed Prince Ribbit
 10813 | D:7      | Killed Prince Ribbit
 10813 | D:7      | Reached skill level 1 in Invocations
 10813 | D:7      | Reached XP level 10. HP: 86/111 MP: 10/10
 11065 | D:7      | Found a blossoming altar of Fedhas.
 11345 | D:8      | Found a staircase to the Lair.
 11667 | D:7      | Reached skill level 11 in Fighting
 11839 | D:8      | Found an ornate altar of the Wu Jian Council.
 12203 | D:8      | Reached *** piety under Makhleb
 13163 | D:9      | Found Lajoli's Antique Weapon Emporium.
 13436 | D:9      | Found an iron altar of Okawaru.
 13515 | D:9      | Reached **** piety under Makhleb
 13602 | D:9      | You fall through a shaft!
 13602 | D:10     | Entered Level 10 of the Dungeon
 13998 | D:10     | HP: 5/115 [polar bear (16)]
 14002 | D:10     | Reached skill level 12 in Fighting
 14002 | D:10     | Reached XP level 11. HP: 19/123 MP: 14/14
 14691 | D:10     | Reached skill level 5 in Invocations
 14767 | D:10     | You fall through a shaft!
 14812 | D:11     | Found a staircase to the Orcish Mines.
 15491 | D:10     | Got a faintly humming robe
 15566 | Lair:1   | Entered Level 1 of the Lair of Beasts
 15566 | Lair:1   | Noticed a five-headed hydra
 15568 | Lair:1   | Reached skill level 10 in Maces & Flails
 15574 | Lair:1   | Killed a five-headed hydra
 15916 | Lair:1   | Noticed a six-headed hydra
 15922 | Lair:1   | Killed a six-headed hydra
 15990 | Lair:1   | Noticed an oklob plant
 15990 | Lair:1   | Noticed an oklob plant
 15990 | Lair:1   | Noticed an oklob plant
 15995 | Lair:1   | Killed from afar by an oklob plant

Skill      XL: |  1  2  3  4  5  6  7  8  9 10 11 |
---------------+----------------------------------+-----
Fighting       | 3 4 5 6 7 8 10 12 | 12.9
Throwing       | 3 4 5 6 8 |  8.2
Maces & Flails | 1 2 3 4 5 7 9 10 | 10.6
Invocations    | 1 4 6 |  6.7
Short Blades   | |  1.7
Dodging        | |  0.8
Stealth        | |  2.9

Action                   |  1- 3 |  4- 6 |  7- 9 | 10-12 || total
-------------------------+-------+-------+-------+-------++-------
Melee: Dagger            |   175 |   174 |   331 |       ||   680
       Giant club        |       |       |    98 |   349 ||   447
       Unarmed           |       |       |     4 |       ||     4
       Flail             |       |       |       |   163 ||   163
 Fire: Blowgun           |     1 |    18 |    90 |    19 ||   128
Throw: Stone             |     5 |     2 |    12 |       ||    19
       Tomahawk          |       |       |    13 |     4 ||    17
       Javelin           |       |       |       |     5 ||     5
Invok: Lesser Servant of |       |       |       |     1 ||     1
Evoke: Wand              |       |       |     5 |     3 ||     8
  Use: Scroll            |       |     3 |     2 |    14 ||    19
       Potion            |       |       |     5 |       ||     5
 Stab: Sleeping          |     1 |     5 |     4 |     9 ||    19
       Paralysed         |       |       |       |     3 ||     3
       Distracted        |       |       |       |     1 ||     1
  Eat: Chunk             |     1 |     6 |    14 |    18 ||    39
       Ration            |       |     1 |     2 |       ||     3
Armor: Robe              |    73 |    16 |       |       ||    89
       Animal skin       |       |    29 |   144 |   144 ||   317
       Skin              |       |       |     8 |       ||     8
Dodge: Dodged            |    72 |    62 |   177 |   376 ||   687
